 Dungeon Sprint DCSS version 0.30-a0-779-g7971cf19c3 (webtiles) character file.

Game seed: 15963583150993031912

196 retardedninja the Shield-Bearer (level 5, -2/49 HPs)
             Began as a Gnoll Fighter on Feb 17, 2023.
             Was an Initiate of Gozag.
             Slain by a vampire (5 damage)
             ... in the Dungeon (Sprint IX: "|||||||||||||||||||||||||||||").
             The game lasted 00:01:13 (302 turns).

retardedninja the Shield-Bearer (Gnoll Fighter)      Turns: 302, Time: 00:01:14

Health: -2/49      AC: 10    Str: 20    XL:     5   Next: 75%
Magic:  11/11      EV: 12    Int:  8    God:    Gozag
Gold:   0          SH:  5    Dex: 11    Spells: 12/12 levels left

rFire   . . .      SeeInvis .    m - +1 broad axe (freeze)
rCold   . . .      Faith    .    c - +0 buckler
rNeg    . . .      Spirit   .    b - +0 scale mail
rPois   .          Reflect  .    (no helmet)
rElec   .          Harm     .    (no cloak)
rCorr   .          Rampage  .    n - +0 pair of gloves
Will    .....      NoTele   +    a - +0 pair of boots
Stlth   +                        (no amulet)
HPRegen 0.28/turn                o - +2 ring of evasion
MPRegen 0.12/turn                p - +3 ring of strength

@: on berserk cooldown, slowed, very slow
A: fangs 1, strong nose, distributed training
a: Renounce Religion, Potion Petition, Call Merchant, Bribe Branch


You were in the Dungeon.
You worshipped Gozag.
Gozag was noncommittal.
You visited 1 branch

Inventory:

Hand Weapons
 m - a +1 broad axe of freezing (weapon)
Armour
 a - a +0 pair of boots (worn)
 b - a +0 scale mail (worn)
 c - a +0 buckler (worn)
 n - a +0 pair of gloves (worn)
Jewellery
 o - a +2 ring of evasion (left hand)
 p - a +3 ring of strength (right hand)
Wands
 l - a wand of quicksilver (10)
Scrolls
 j - 2 scrolls of blinking
 k - 2 scrolls of amnesia
Potions
 d - a potion of might
 e - 5 potions of curing
 f - a potion of invisibility
 g - 2 potions of heal wounds
 h - 4 potions of magic


   Skills:
 + Level 7.7 Fighting
 + Level 4.0 Short Blades
 + Level 4.0 Long Blades
 + Level 6.1 Axes
 + Level 4.0 Maces & Flails
 + Level 4.0 Polearms
 + Level 4.0 Staves
 + Level 4.0 Ranged Weapons
 + Level 4.0 Throwing
 + Level 7.7 Armour
 + Level 4.0 Dodging
 + Level 4.0 Stealth
 + Level 7.7 Shields
 + Level 4.0 Unarmed Combat
 + Level 4.0 Spellcasting
 + Level 3.3 Conjurations
 + Level 3.3 Hexes
 + Level 3.3 Summonings
 + Level 3.3 Necromancy
 + Level 3.3 Translocations
 + Level 3.3 Transmutations
 + Level 3.3 Fire Magic
 + Level 3.3 Ice Magic
 + Level 3.3 Air Magic
 + Level 3.3 Earth Magic
 + Level 3.3 Poison Magic
 + Level 4.4 Invocations
 + Level 4.0 Evocations


You had 12 spell levels left.
You didn't know any spells.
Your spell library was empty.

Dungeon Overview and Level Annotations

Branches:
Dungeon (1/1)

Altars:
Cheibriados
Dithmenos
Elyvilon
Fedhas
Gozag
Hepliaklqana
Kikubaaqudgha
Makhleb
Nemelex Xobeh
Okawaru
Qazlal
Ru
Sif Muna
Trog
Uskayaw
Vehumet
Wu Jian
Xom
Yredelemnul
Zin
The Shining One
Jiyva
Lugonu


Innate Abilities, Weirdness & Mutations

You have very sharp teeth.
Your uncanny sense of smell can sniff out nearby items.
Your experience applies equally to all skills.


Message History

Something hits you but does no damage. Something bites you.
Something draws strength from your injuries!
You miss something. Your bite misses something. Something hits you.
Something bites you but does no damage.
You completely miss something. Something hits you but does no damage.
Something bites you.
Something draws strength from your injuries!
You closely miss something.
The vampire is no longer distracted by gold.
Something hits you. Something bites you.
Something draws strength from your injuries!
You closely miss something. Your bite misses something.
The vampire casts a spell.
The vampire flickers and vanishes!
Something hits you! Something bites you but does no damage.
You miss something. Your bite misses something. You slash something!
You freeze something. Your bite misses something. Something hits you.
Something bites you.
Something draws strength from your injuries!
You closely miss something. Your bite misses something. Something hits you.
Something bites you but does no damage.
You closely miss something. Your bite misses something. Something hits you.
Something completely misses you.
You miss something. Something hits you but does no damage. Something bites you.
Something draws strength from your injuries!
You closely miss something. Something hits you!
* * * LOW HITPOINT WARNING * * *
Something bites you but does no damage.
You miss something. Your bite misses something. Something hits you!
* * * LOW HITPOINT WARNING * * *
Something bites you but does no damage.
You closely miss something. Something hits you.
* * * LOW HITPOINT WARNING * * *
Something bites you but does no damage.
You barely miss something.
You are no longer berserk.
You are exhausted.
You feel yourself slow down. Something hits you.
You die...
Your body crumbles into a pile of gold. $$$$$$ $$$$$ $ $ $ $$$$$

∆∆∆∆ $ ∆
▓▓▓▓▓▓▓▓▓▓▓▓▓▓▓▓▓▓▓▓▓▓▓▓
_______'..)...[.@{{yY{..
▓▓▓▓▓▓▓▓▓▓▓▓▓▓▓▓▓▓▓▓▓▓▓▓


You could see a yak and a hornet.

Vanquished Creatures
  A centaur (D)
  A scorpion (D)
  A howler monkey (D)
  A white imp (D)
  A dart slug (D)
  2 orcs (D)
  3 endoplasms (D)
  A giant cockroach (D)
11 creatures vanquished.

Notes
Turn   | Place    | Note
-------+----------+-------------------------------------------
     0 | D        | retardedninja the Gnoll Fighter began the quest for the
                  | Orb.
     0 | D        | Reached XP level 1. HP: 23/23 MP: 1/1
    15 | D        | Reached skill level 1 in Short Blades
    15 | D        | Reached skill level 1 in Long Blades
    15 | D        | Reached skill level 1 in Maces & Flails
    15 | D        | Reached skill level 1 in Polearms
    15 | D        | Reached skill level 1 in Staves
    15 | D        | Reached skill level 1 in Ranged Weapons
    15 | D        | Reached skill level 1 in Throwing
    15 | D        | Reached skill level 1 in Dodging
    15 | D        | Reached skill level 1 in Stealth
    15 | D        | Reached skill level 1 in Unarmed Combat
    15 | D        | Reached skill level 1 in Spellcasting
    15 | D        | Reached skill level 1 in Invocations
    15 | D        | Reached skill level 1 in Evocations
    17 | D        | Reached XP level 2. HP: 21/29 MP: 1/3
   154 | D        | Noticed a centaur
   154 | D        | Noticed a scorpion
   158 | D        | Reached skill level 1 in Conjurations
   158 | D        | Reached skill level 1 in Hexes
   158 | D        | Reached skill level 1 in Summonings
   158 | D        | Reached skill level 1 in Necromancy
   158 | D        | Reached skill level 1 in Translocations
   158 | D        | Reached skill level 1 in Transmutations
   158 | D        | Reached skill level 1 in Fire Magic
   158 | D        | Reached skill level 1 in Ice Magic
   158 | D        | Reached skill level 1 in Air Magic
   158 | D        | Reached skill level 1 in Earth Magic
   158 | D        | Reached skill level 1 in Poison Magic
   169 | D        | Killed a centaur
   170 | D        | Reached skill level 5 in Axes
   170 | D        | Reached XP level 3. HP: 26/36 MP: 4/7
   170 | D        | Reached XP level 4. HP: 31/43 MP: 4/8
   177 | D        | Killed a scorpion
   178 | D        | Reached XP level 5. HP: 36/48 MP: 4/10
   182 | D        | Found a snail-covered altar of Cheibriados.
   182 | D        | Found a shadowy altar of Dithmenos.
   182 | D        | Found a white marble altar of Elyvilon.
   182 | D        | Found a blossoming altar of Fedhas.
   182 | D        | Found an opulent altar of Gozag.
   183 | D        | Found a hazy altar of Hepliaklqana.
   184 | D        | Found a viscous altar of Jiyva.
   185 | D        | Found an ancient bone altar of Kikubaaqudgha.
   186 | D        | Found a corrupted altar of Lugonu.
   187 | D        | Found a burning altar of Makhleb.
   188 | D        | Found a sparkling altar of Nemelex Xobeh.
   189 | D        | Found an iron altar of Okawaru.
   190 | D        | Became a worshipper of Gozag Ym Sagoz the Greedy
   227 | D        | Found a stormy altar of Qazlal.
   228 | D        | Found a sacrificial altar of Ru.
   229 | D        | Found a shimmering blue altar of Sif Muna.
   230 | D        | Found a bloodstained altar of Trog.
   231 | D        | Found a hide-covered altar of Uskayaw.
   232 | D        | Found a radiant altar of Vehumet.
   233 | D        | Found an ornate altar of the Wu Jian Council.
   234 | D        | Found a shimmering altar of Xom.
   235 | D        | Found a basalt altar of Yredelemnul.
   236 | D        | Found a glowing silver altar of Zin.
   237 | D        | Found a glowing golden altar of the Shining One.
   284 | D        | Noticed a vampire
   284 | D        | Noticed a vampire
   284 | D        | Noticed a hornet
   284 | D        | Noticed a yak
   284 | D        | Noticed a shadow
   302 | D        | Slain by a vampire

Illustrated notes

Levels and vault maps discovered:
D:        linesprint [early_d, line_temple, items_1, d_10, items_2, lair_1,
          lair_end, items_3, orc_1, orc_end, items_4, d_15, swamp_1, shoals_1,
          snake_1, spider_1, d_20, vaults_1, items_5, swamp_end, shoals_end,
          snake_end, spider_end, vaults_end, d_27, items_6, zot_1, zot_end,
          crypt_end, forest_end, elf_end, slime_end, tomb_end, abyss_end,
          pan_hell_end]

Skill      XL: |  1  2  3  4  5 |
---------------+----------------+-----
Short Blades   | 1 2 3 4 |  4.0
Long Blades    | 1 2 3 4 |  4.0
Maces & Flails | 1 2 3 4 |  4.0
Polearms       | 1 2 3 4 |  4.0
Staves         | 1 2 3 4 |  4.0
Ranged Weapons | 1 2 3 4 |  4.0
Throwing       | 1 2 3 4 |  4.0
Dodging        | 1 2 3 4 |  4.0
Stealth        | 1 2 3 4 |  4.0
Unarmed Combat | 1 2 3 4 |  4.0
Spellcasting   | 1 2 3 4 |  4.0
Invocations    | 1 3 4 |  4.4
Evocations     | 1 2 3 4 |  4.0
Conjurations   | 2 3 |  3.3
Hexes          | 2 3 |  3.3
Summonings     | 2 3 |  3.3
Necromancy     | 2 3 |  3.3
Translocations | 2 3 |  3.3
Transmutations | 2 3 |  3.3
Fire Magic     | 2 3 |  3.3
Ice Magic      | 2 3 |  3.3
Air Magic      | 2 3 |  3.3
Earth Magic    | 2 3 |  3.3
Poison Magic   | 2 3 |  3.3
Fighting       | 7 |  7.7
Axes           | 5 6 |  6.1
Armour         | 7 |  7.7
Shields        | 7 |  7.7

Action                     |  1- 3 |  4- 6 || total
---------------------------+-------+-------++-------
  Melee: War axe           |    26 |     7 ||    33
         Bite              |     4 |     1 ||     5
         Broad axe         |       |    17 ||    17
    Use: Potion            |     2 |     1 ||     3
 Armour: Scale mail        |    12 |    10 ||    22
  Dodge: Dodged            |    12 |     7 ||    19
  Block: Buckler           |     6 |     1 ||     7

Table legend: (Time is in decaauts)
 A = Elapsed time spent in this place.
 B = Non-inter-level travel time spent in this place.
 C = Inter-level travel time spent in this place.
 D = Time resting spent in this place.
 E = Time spent auto-exploring this place.
 F = Levels seen in this place.
 G = Mean time per level.
                   A        B        C        D        E       F      G
               +--------+--------+--------+--------+--------+-----+--------+
         Total |    294 |    294 |      0 |    162 |      0 |   1 |  294.0 |
       Dungeon |    294 |    294 |      0 |    162 |      0 |   1 |  294.0 |
               +--------+--------+--------+--------+--------+-----+--------+

Top non-repeatable levels by time:
       D: 294 daAuts
